 Dungeon Crawl Stone Soup version 0.22-b1-21-g5cfc1688f2 (webtiles) character file.

3493 Raybro228 the Cleaver (level 9, -1/71 HPs)
             Began as a Minotaur Fighter on Aug 6, 2018.
             Was a Believer of Okawaru.
             Slain by a seven-headed hydra (5 damage)
             ... on level 7 of the Dungeon.
             The game lasted 00:25:26 (5816 turns).

Raybro228 the Cleaver (Minotaur Fighter)            Turns: 5816, Time: 00:25:26

Health: -1/71      AC: 17    Str: 30    XL:     9   Next: 80%
Magic:  6/8        EV: 10    Int:  5    God:    Okawaru [**....]
Gold:   170        SH: 14    Dex:  9    Spells: 8/8 levels left

rFire    . . .     SeeInvis +   b - +2 hand axe (chop)
rCold    . . .     Gourm    .   x - +2 shield
rNeg     . . .     Faith    .   s - +0 plate armour
rPois    .         Spirit   .   (helmet restricted)
rElec    .         Reflect  .   (no cloak)
rCorr    .         Harm     .   (no gloves)
MR       +....     Clarity  +   (no boots)
Stlth    ..........             (no amulet)
HPRegen  0.21/turn              i - ring of protection from magic
MPRegen  0.11/turn              A - ring of see invisible

@: mighty, heroism
A: retaliatory headbutt, horns 2, clarity, sturdy frame 1
a: Heroism, Renounce Religion


You were on level 7 of the Dungeon.
You worshipped Okawaru.
Okawaru was pleased with you.
You were hungry.

You visited 2 branches of the dungeon, and saw 9 of its levels.

You collected 485 gold pieces.
You spent 315 gold pieces at shops.

Inventory:

Hand Weapons
 b - a +2 hand axe of chopping (weapon)
Armour
 s - a +0 plate armour (worn)
 x - a +2 shield (worn)
 J - a +2 scale mail of cold resistance
Jewellery
 i - a ring of protection from magic (left hand)
 t - a +3 ring of intelligence
 y - the ring of Amonoqun {Wiz Int+3 Dex-4 Stlth+}
   (You found it on level 4 of the Dungeon)

   [ring of wizardry]

   It improves your spell success rate.
   It affects your intelligence (+3).
   It affects your dexterity (-4).
   It makes you more stealthy.
 A - a ring of see invisible (right hand)
 I - an uncursed ring of wizardry {unknown}
Wands
 H - a wand of acid (5)
Scrolls
 d - a scroll of fear {unknown}
 e - a scroll of amnesia
 h - a scroll of enchant armour {unknown}
 j - 6 scrolls of remove curse
 k - a scroll of enchant weapon
 l - a scroll of immolation {unknown}
 q - 4 scrolls of teleportation
 r - 2 scrolls of magic mapping {unknown}
 u - a scroll of blinking {unknown}
 v - 6 scrolls of fog
 B - a scroll of silence {unknown}
 F - 2 scrolls of identify
Potions
 a - a potion of berserk rage {unknown}
 c - 2 potions of mutation
 g - a potion of agility {unknown}
 n - 2 potions of brilliance
 o - a potion of invisibility {unknown}
 p - a potion of flight {unknown}
 w - a potion of ambrosia {unknown}
 z - 2 potions of lignification
 C - 3 potions of resistance
 D - a potion of degeneration {unknown}
 G - a potion of cancellation {unknown}
Comestibles
 f - 15 rations


   Skills:
 - Level 3.8(8.8) Fighting
 - Level 12.2(17.2) Axes
 + Level 11.6(16.6) Armour
 - Level 3.8(8.8) Shields


You had 8 spell levels left.
You didn't know any spells.
Your spell library contained the following spells:

 Spells                   Type           Power        Failure   Level  Hunger
 Cause Fear               Hex            #.........   100%        4    #####..
 Apportation              Tloc           #.....       99%         1    ##.....
 Slow                     Hex            #.......     99%         2    ###....
 Confuse                  Hex            #.......     100%        3    ####...
 Invisibility             Hex            #.......     100%        6    #######
 Summon Small Mammal      Summ           #...         99%         1    ##.....
 Animate Skeleton         Necr           N/A          99%         1    ##.....
 Tukima's Dance           Hex            #.......     100%        3    ####...
 Confusing Touch          Hex            #.....       99%         1    ##.....
 Metabolic Englaciation   Hex/Ice        #.........   100%        5    ######.
 Summon Butterflies       Summ           #.......     99%         1    ##.....
 Corona                   Hex            #......      99%         1    ##.....
 Alistair's Intoxication  Tmut/Pois      #.......     100%        5    ######.
 Portal Projectile        Hex/Tloc       #.....       100%        3    ####...
 Petrify                  Tmut/Erth      #.......     100%        4    #####..
 Leda's Liquefaction      Hex/Erth       #.........   100%        4    #####..
 Inner Flame              Hex/Fire       #.......     100%        3    ####...
 Gell's Gravitas          Tloc           #.........   100%        3    ####...
 Yara's Violent Unravell  Hex/Tmut       #.........   100%        5    ######.
 Lesser Beckoning         Tloc           #.........   100%        3    ####...


Dungeon Overview and Level Annotations

Branches:
Dungeon (8/15)             Temple (1/1) D:6
   Lair: D:8-11

Altars:
Ashenzari
Cheibriados
Elyvilon
Fedhas
Gozag
Hepliaklqana
Kikubaaqudgha
Makhleb
Nemelex Xobeh
Okawaru
Qazlal
Sif Muna
Trog
Uskayaw
Vehumet
Wu Jian
Xom
Yredelemnul
Zin
The Shining One

Shops:
D:7 }   D:8 [


Innate Abilities, Weirdness & Mutations

You reflexively headbutt those who attack you in melee.
You have a pair of horns on your head.
You possess an exceptional clarity of mind.
Your movements are slightly less encumbered by armour. (ER -2)


Message History

The five-headed hydra barely misses you.
The five-headed hydra bites you.
* * * LOW HITPOINT WARNING * * *
The five-headed hydra bites you but does no damage.
The five-headed hydra bites you.
* * * LOW HITPOINT WARNING * * *
The five-headed hydra misses you.
You slice one of the five-headed hydra's heads off!
The four-headed hydra grows two more!
You slash the six-headed hydra!
The six-headed hydra is moderately wounded.
You slice one of the six-headed hydra's heads off!
The five-headed hydra grows two more!
You hit the seven-headed hydra. You headbutt the seven-headed hydra!
The seven-headed hydra is moderately wounded.
The seven-headed hydra bites you.
* * * LOW HITPOINT WARNING * * *
You block the seven-headed hydra's attack.
The seven-headed hydra bites you but does no damage.
The seven-headed hydra bites you.
You die...

##############.####.#
#........##.......#.#
#.######.##.##....#.##########
#.##.###.##.##................
#.#.......).......#.#########. #
#.##.###.##.##......# #. # #.##.#
#.##.##...><.# #. #
#.##.###.##.####..### #. #
#........##..@D...# ## #
###..###########.## # #.## ##'##
# #.# ##.>.## # #.#### ##.....##
### # #.##.## ##.......## ##.###
######.#...####.........####...##
..............'.........'........
#####......####.........####...##


You could see a seven-headed hydra.

Vanquished Creatures
  2 dream sheep (D:8)
  A hippogriff (D:8)
  2 yaks (D:8)
  Duvessa (D:4)
  An ice beast (D:6)
  3 phantoms
  6 ogres
  2 centaurs
  A big kobold (D:8)
  4 bullfrogs
  Dowan (D:4)
  A howler monkey (D:8)
  3 crimson imps
  A centaur zombie (D:8)
  A gnoll shaman (D:7)
  4 orc priests
  5 hounds
  10 orc wizards
  5 worker ants
  A hound zombie (D:6)
  4 hound skeletons
  A mummy (D:4)
  3 worker ant zombies
  6 gnolls
  4 adders
  An ooze (D:3)
  A worm (D:3)
  10 leopard geckos
  35 orcs
  7 bats
  2 giant cockroaches
  5 goblins
  4 hobgoblins
  4 jackals
  A quokka (D:3)
  A frilled lizard (D:1)
  A hobgoblin zombie (D:4)
  4 kobolds
  A kobold zombie (D:4)
  2 orc zombies (D:4)
  A quokka skeleton (D:4)
  3 rats
156 creatures vanquished.

Vanquished Creatures (others)
  2 plants (D:8)
2 creatures vanquished.

Grand Total: 158 creatures vanquished

Notes
Turn   | Place    | Note
-------+----------+-------------------------------------------
     0 | D:1      | Raybro228 the Minotaur Fighter began the quest for the Orb.
     0 | D:1      | Reached XP level 1. HP: 19/19 MP: 0/0
   204 | D:1      | Reached XP level 2. HP: 27/27 MP: 1/1
   375 | D:1      | Reached skill level 3 in Axes
   767 | D:2      | Reached XP level 3. HP: 33/33 MP: 2/2
   827 | D:2      | Reached skill level 4 in Axes
  1211 | D:3      | Found a bloodstained altar of Trog.
  1684 | D:4      | Reached skill level 5 in Axes
  1684 | D:4      | Reached XP level 4. HP: 38/40 MP: 3/3
  1687 | D:4      | Noticed a phantom
  1858 | D:4      | Killed a phantom
  1858 | D:4      | Reached skill level 6 in Axes
  1858 | D:4      | Reached XP level 5. HP: 37/46 MP: 4/4
  1873 | D:4      | Noticed Dowan
  1874 | D:4      | Noticed Duvessa
  1879 | D:4      | Killed Dowan
  1879 | D:4      | Reached skill level 7 in Axes
  1884 | D:4      | Reached XP level 6. HP: 36/52 MP: 5/5
  1889 | D:4      | Killed Duvessa
  1889 | D:4      | Reached skill level 8 in Axes
  2148 | D:4      | Got a brightly glowing glass ring
  2399 | D:4      | Reached skill level 9 in Axes
  2399 | D:4      | Reached XP level 7. HP: 47/58 MP: 6/6
  2899 | D:5      | Entered Level 5 of the Dungeon
  2964 | D:5      | Identified the ring of Amonoqun {Wiz Int+3 Dex-4 Stlth+} (You found it on level 4 of the Dungeon)
  3028 | D:5      | Reached skill level 10 in Axes
  3138 | D:5      | Reached skill level 11 in Axes
  3138 | D:5      | Reached XP level 8. HP: 27/66 MP: 7/7
  3606 | D:6      | Gained mutation: You possess an exceptional clarity of mind. [potion of mutation]
  3606 | D:6      | Gained mutation: Your movements are slightly less encumbered by armour. (ER -2) [potion of mutation]
  3953 | D:6      | Reached skill level 12 in Axes
  4018 | D:6      | Reached skill level 5 in Armour
  4125 | D:6      | Found a staircase to the Ecumenical Temple.
  4130 | Temple   | Entered the Ecumenical Temple
  4238 | Temple   | Became a worshipper of Warmaster Okawaru
  4629 | D:7      | Reached XP level 9. HP: 60/71 MP: 8/8
  4731 | D:7      | Found Guhuyrr's Gadget Emporium.
  5356 | D:8      | Reached * piety under Okawaru
  5583 | D:8      | Reached skill level 10 in Armour
  5749 | D:8      | Found Witaloel's Armour Emporium.
  5757 | D:8      | Bought a +2 scale mail of cold resistance for 315 gold pieces
  5770 | D:8      | Noticed a three-headed hydra
  5776 | D:8      | Reached ** piety under Okawaru
  5807 | D:7      | HP: 3/71 [five-headed hydra (8)]
  5816 | D:7      | Slain by a seven-headed hydra

Skill      XL: |  1  2  3  4  5  6  7  8  9 |
---------------+----------------------------+-----
Axes           | 3 5 6 7 9 11 12 | 12.2
Armour         | 7 11 | 11.6
Fighting       | |  3.8
Shields        | |  3.8

Action                   |  1- 3 |  4- 6 |  7- 9 || total
-------------------------+-------+-------+-------++-------
Melee: War axe           |    89 |    97 |   251 ||   437
       Headbutt          |    10 |    16 |    69 ||    95
       Hand axe          |       |       |    94 ||    94
Invok: Heroism           |       |       |     2 ||     2
  Use: Scroll            |     4 |       |     6 ||    10
       Potion            |       |     1 |     5 ||     6
 Stab: Distracted        |       |     1 |       ||     1
  Eat: Chunk             |     2 |     2 |     8 ||    12
       Ration            |       |       |     1 ||     1
Armor: Scale mail        |    27 |       |       ||    27
       Plate armour      |    10 |    38 |   100 ||   148
Dodge: Dodged            |    18 |     9 |    54 ||    81
Block: Shield            |    46 |    52 |   148 ||   246
